 Dungeon Crawl Stone Soup version 0.30.1-11-g7821555f0a (webtiles) character file.

Game seed: 9047944205850405271

7 jagang the Trooper (level 2, 0/25 HPs)
             Began as a Barachi Monk on Nov 13, 2023.
             Slain by a hobgoblin (4 damage)
             ... on level 1 of the Dungeon.
             The game lasted 00:00:32 (138 turns).

jagang the Trooper (Barachi Monk)                    Turns: 138, Time: 00:00:33

Health: 0/25       AC:  2    Str: 12    XL:     2   Next: 0%
Magic:  2/2        EV: 13    Int: 10    God:
Gold:   15         SH:  0    Dex: 14    Spells: 1/1 levels left

rFire   . . .        a - +0 falchion
rCold   . . .        d - orb {light}
rNeg    . . .        b - +0 robe
rPois   .            (no helmet)
rElec   .            (no cloak)
rCorr   .            (no gloves)
SInv    .            (no boots)
Will    .....        (no amulet)
Stlth   +            (no ring)
HPRegen 0.24/turn    (no ring)
MPRegen 0.08/turn

%: no passive effects
@: unable to hop, glowing, slow
A: amphibious, slowness 1, strong legs 1, +LOS
a: Hop


You were on level 1 of the Dungeon.
You visited 1 branch of the dungeon, and saw 1 of its levels.

You collected 15 gold pieces.

Inventory:

Hand Weapons
 a - a +0 falchion (weapon)
Armour
 b - a +0 robe (worn)
 d - an orb of light (worn)
Potions
 c - a potion of ambrosia


   Skills:
 * Level 4.0 Fighting
 + Level 3.8 Long Blades
 + Level 0.6 Armour
 - Level 3.2 Dodging


You had one spell level left.
You didn't know any spells.
Your spell library was empty.

Dungeon Overview and Level Annotations

Branches:
Dungeon (1/15)

Altars:


Innate Abilities, Weirdness & Mutations

You are amphibious.
You cover ground slowly.
You can hop short distances.
You have an extended range of vision and can be seen from far away.


Message History

HP restored.
Things that are here:
a +0 dagger; a kobold corpse
Found a stone staircase leading down.
A hobgoblin comes into view.
A hobgoblin is nearby!
The hobgoblin shouts!
A goblin comes into view. It is wielding a +0 dagger.
The goblin shouts!
A quokka comes into view.
The hobgoblin closely misses you. The hobgoblin hits you.
You barely miss the hobgoblin. The hobgoblin hits you.
You hit the hobgoblin but do no damage. The goblin hits you with a +0 dagger.
The hobgoblin misses you.
You barely miss the hobgoblin. The goblin hits you with a +0 dagger.
The hobgoblin hits you.
You are too injured to fight recklessly!
You are too injured to fight recklessly!
You are too injured to fight recklessly!
Hop to where?
Press: ? - help, Dir - move target Boing!
You slash the goblin!
You kill the goblin!
You hit the quokka but do no damage. The quokka bites you.
You closely miss the quokka. The quokka misses you. x2
You hit the quokka.
You kill the quokka!
The hobgoblin misses you.
Your Fighting skill increases to level 4!
You have reached level 2!
You hit the hobgoblin but do no damage. The hobgoblin hits you.
* * * LOW HITPOINT WARNING * * *
You hit the hobgoblin but do no damage. The hobgoblin hits you.
* * * LOW HITPOINT WARNING * * *
You hit the hobgoblin but do no damage. The hobgoblin misses you.
You hit the hobgoblin.
The hobgoblin is almost dead.
The hobgoblin hits you.
You die...

......##.## #.......#
### #.#.....# ..
#.####..# ##.##
###.####..# #...#
#.........# . ###...###
#.#.#####.#
#..#.......###.#.# #.#
#...........g@.#.# #.#
#.......###.#.#####.#
###...### #.........#
.......#####.#....)..#
...............#..######
....####.........># ...
#.########.# .# #.# #.#
#.# #.#


You could see a hobgoblin.

Vanquished Creatures
  A ball python (D:1)
  A goblin (D:1)
  A hobgoblin (D:1)
  A quokka (D:1)
  A bat (D:1)
  A kobold (D:1)
6 creatures vanquished.

Notes
Turn   | Place    | Note
-------+----------+-------------------------------------------
     0 | D:1      | jagang the Barachi Monk began the quest for the Orb.
     0 | D:1      | Reached XP level 1. HP: 18/18 MP: 1/1
   135 | D:1      | Reached skill level 4 in Fighting
   135 | D:1      | Reached XP level 2. HP: 9/25 MP: 2/2
   138 | D:1      | Slain by a hobgoblin

Illustrated notes

Levels and vault maps discovered:
D:1:      dpeg_arrival_triangle_fractal, layout_loops_ring

Skill      XL: |  1 |
---------------+----+-----
Fighting       | 4 |  4.0
Long Blades    | |  3.8
Armour         | |  0.6
Dodging        | |  3.2

Action                     || total
---------------------------++-------
  Melee: Falchion          ||    25
Ability: Hop               ||     1
 Armour: Robe              ||     1
  Dodge: Dodged            ||    19
